 Dungeon Crawl Stone Soup version 0.21.1-1-g345015fe64 (webtiles) character file.

1244 Ablot the Skirmisher (level 8, -21/67 HPs)
             Began as a Gnoll Wanderer on July 23, 2018.
             Was a Follower of Cheibriados.
             Demolished by a two-headed ogre
             ... wielding a +0 giant club
              (25 damage)
             ... on level 6 of the Dungeon.
             The game lasted 00:26:20 (5701 turns).

Ablot the Skirmisher (Gnoll Wanderer)               Turns: 5701, Time: 00:26:21

Health: -21/67     AC:  5    Str: 18    XL:     8   Next: 50%
Magic:  12/12      EV: 15    Int: 16    God:    Cheibriados [*.....]
Gold:   333        SH:  0    Dex: 18    Spells: 11/13 levels left

rFire    . . .     SeeInvis .     - Unarmed
rCold    . . .     Gourm    .   (no shield)
rNeg     . . .     Faith    +   D - +0 robe (curse)
rPois    .         Spirit   .   (no helmet)
rElec    .         Reflect  .   (no cloak)
rCorr    .         Harm     .   (no gloves)
MR       .....                  a - +2 pair of boots
Stlth    +++.......             b - amulet of faith
HPRegen  0.21/turn              (no ring)
MPRegen  0.13/turn              (no ring)

@: very slow
A: distributed training, fangs 1, strong nose
a: Bend Time, Renounce Religion


You were on level 6 of the Dungeon.
You worshipped Cheibriados.
Cheibriados was aware of your devotion.
You were not hungry.

You visited 2 branches of the dungeon, and saw 7 of its levels.

You collected 333 gold pieces.

Inventory:

Hand Weapons
 c - a +0 mace
 s - a +3 hand axe of flaming
 t - a +0 short sword of draining
 w - a +2 whip of venom
Missiles
 o - 63 sling bullets
 v - 8 needles of confusion
 E - 4 tomahawks (quivered)
 F - 50 arrows
Armour
 a - a +2 pair of boots (worn)
 x - the +0 leather armour of Negation {rN+++ Str-5 Int+6}
   (You found it on level 4 of the Dungeon)

   It affects your strength (-5).
   It affects your intelligence (+6).
   It renders you almost immune to negative energy.
 D - a cursed +0 robe (worn)
Jewellery
 b - an amulet of faith (around neck)
 z - an uncursed amulet of magic regeneration {unknown}
Wands
 e - a wand of flame (20)
Scrolls
 h - a scroll of fog {unknown}
 i - 4 scrolls of teleportation {unknown}
 j - 3 scrolls of amnesia {unknown}
 k - 7 scrolls of identify {unknown}
 l - a scroll of remove curse {unknown}
 m - a scroll of immolation {unknown}
 n - a scroll of magic mapping {unknown}
 y - 2 scrolls of enchant weapon {unknown}
 C - a scroll of enchant armour {unknown}
Potions
 d - a potion of brilliance {unknown}
 g - a potion of cancellation
 p - 3 potions of agility
 q - a potion of resistance {unknown}
 r - a potion of ambrosia {unknown}
 A - a potion of haste
 G - a potion of curing
Books
 u - a book of Necromancy

   Spells                             Type                      Level
   a - Pain                           Necromancy                   1
   b - Animate Skeleton               Necromancy                   1
   c - Vampiric Draining              Necromancy                   3
   d - Regeneration                   Charms/Necromancy            3
   e - Animate Dead                   Necromancy                   4
   f - Borgnjor's Vile Clutch         Necromancy/Earth             5
Comestibles
 f - 10 rations
 B - a chunk of flesh


   Skills:
 + Level 7.4 Fighting
 + Level 3.2 Short Blades
 + Level 3.2 Long Blades
 + Level 3.2 Axes
 + Level 3.2 Maces & Flails
 + Level 3.2 Polearms
 + Level 3.2 Staves
 + Level 3.2 Slings
 + Level 3.2 Bows
 + Level 3.2 Crossbows
 + Level 3.2 Throwing
 + Level 5.7 Armour
 + Level 4.2 Dodging
 + Level 3.2 Stealth
 + Level 3.2 Shields
 + Level 5.7 Unarmed Combat
 + Level 3.2 Spellcasting
 + Level 2.6 Conjurations
 + Level 2.6 Hexes
 + Level 2.6 Charms
 + Level 2.6 Summonings
 + Level 2.6 Necromancy
 + Level 2.6 Translocations
 + Level 2.6 Transmutations
 + Level 2.6 Fire Magic
 + Level 2.6 Ice Magic
 + Level 2.6 Air Magic
 + Level 2.6 Earth Magic
 + Level 2.6 Poison Magic
 + Level 3.6 Invocations
 + Level 5.7 Evocations


You had 11 spell levels left.
You knew the following spells:

 Your Spells              Type           Power        Failure   Level  Hunger
a - Animate Skeleton      Necr           N/A          6%          1    None
b - Pain                  Necr           ##..         6%          1    None


Dungeon Overview and Level Annotations

Branches:
Dungeon (6/15)             Temple (1/1) D:5

Altars:
Ashenzari
Cheibriados
Dithmenos
Gozag
Hepliaklqana
Makhleb
Nemelex Xobeh
Okawaru
Qazlal
Sif Muna
Trog
Uskayaw
Vehumet
Xom
Yredelemnul
Zin
The Shining One


Innate Abilities, Weirdness & Mutations

Your experience applies equally to all skills.
You have very sharp teeth.
Your uncanny sense of smell can sniff out nearby items.


Message History

The two-headed ogre closely misses you.
The two-headed ogre hits you with a giant club!
Your gnoll skeleton barely misses the two-headed ogre.
A gnoll comes into view. It is wielding a whip.
The two-headed ogre hits you with a giant club!!
The two-headed ogre closely misses you.
Your gnoll skeleton closely misses the two-headed ogre.
The two-headed ogre closely misses you. The two-headed ogre barely misses you.
There is a stone staircase leading up here.
The two-headed ogre hits you with a giant club!!
* * * LOW HITPOINT WARNING * * *
The two-headed ogre barely misses you.
Found a ration.
The gnoll hits your gnoll skeleton with a whip!
Your gnoll skeleton hits the two-headed ogre from afar with a spear.
A worker ant comes into view.
The gnoll completely misses your gnoll skeleton.
The two-headed ogre closely misses you.
The two-headed ogre hits you with a giant club!!
You die...

#..... ##.... ..a..
.... #%.# ..## #..#
####@.# . #...O.#
..$....#.###.#
....(......##.####
........#.#...Z...#
........#.####g##.#
.............##.##.#
.............##....#
............##..###


You could see a two-headed ogre, a worker ant (sleeping), a gnoll and a friendly
gnoll skeleton.

Vanquished Creatures
  Prince Ribbit (D:5)
  An ice beast (D:5)
  2 ogres (D:5)
  A phantom (D:4)
  A centaur (D:5)
  2 scorpions (D:4)
  The ghost of Fascinator the Sneak, a weakling SpAs (D:3)
  A hound (D:6)
  2 orc priests
  An iguana (D:6)
  A worker ant (D:3)
  A hound zombie (D:5)
  A worker ant zombie (D:5)
  5 gnolls
  10 adders
  2 oozes (D:1)
  An adder skeleton (D:5)
  6 worms
  3 dart slugs
  4 leopard geckos
  10 orcs
  3 ball pythons
  5 giant cockroaches
  4 goblins
  6 hobgoblins
  13 jackals
  8 kobolds
  A quokka (D:4)
  11 bats
  9 frilled lizards
  A leopard gecko skeleton (D:4)
  9 rats
127 creatures vanquished.

Vanquished Creatures (collateral kills)
  A centaur (D:6)
1 creature vanquished.

Grand Total: 128 creatures vanquished

Notes
Turn   | Place    | Note
-------+----------+-------------------------------------------
     0 | D:1      | Ablot the Gnoll Wanderer began the quest for the Orb.
     0 | D:1      | Ablot set off with: a potion of haste, a potion of berserk rage, a +0 mace, a potion of curing, a +0 robe, a ration
     0 | D:1      | Reached XP level 1. HP: 23/23 MP: 3/3
    54 | D:1      | Reached XP level 2. HP: 14/29 MP: 5/5
   412 | D:1      | Reached XP level 3. HP: 35/35 MP: 6/6
   736 | D:2      | Reached skill level 1 in Invocations
   837 | D:2      | Reached skill level 1 in Short Blades
   837 | D:2      | Reached skill level 1 in Long Blades
   837 | D:2      | Reached skill level 1 in Axes
   837 | D:2      | Reached skill level 1 in Maces & Flails
   837 | D:2      | Reached skill level 1 in Polearms
   837 | D:2      | Reached skill level 1 in Staves
   837 | D:2      | Reached skill level 1 in Slings
   837 | D:2      | Reached skill level 1 in Bows
   837 | D:2      | Reached skill level 1 in Crossbows
   837 | D:2      | Reached skill level 1 in Throwing
   837 | D:2      | Reached skill level 1 in Stealth
   837 | D:2      | Reached skill level 1 in Shields
   837 | D:2      | Reached skill level 1 in Spellcasting
   837 | D:2      | Reached XP level 4. HP: 8/41 MP: 7/7
  1290 | D:2      | Reached skill level 1 in Conjurations
  1290 | D:2      | Reached skill level 1 in Hexes
  1290 | D:2      | Reached skill level 1 in Charms
  1290 | D:2      | Reached skill level 1 in Summonings
  1290 | D:2      | Reached skill level 1 in Necromancy
  1290 | D:2      | Reached skill level 1 in Translocations
  1290 | D:2      | Reached skill level 1 in Transmutations
  1290 | D:2      | Reached skill level 1 in Fire Magic
  1290 | D:2      | Reached skill level 1 in Ice Magic
  1290 | D:2      | Reached skill level 1 in Air Magic
  1290 | D:2      | Reached skill level 1 in Earth Magic
  1290 | D:2      | Reached skill level 1 in Poison Magic
  1294 | D:2      | Reached XP level 5. HP: 47/47 MP: 8/8
  1939 | D:3      | Learned a level 1 spell: Animate Skeleton
  1941 | D:3      | Learned a level 1 spell: Pain
  2542 | D:3      | Found a shimmering altar of Xom.
  2544 | D:3      | Found a white marble altar of Elyvilon.
  2544 | D:3      | Found a white marble altar of Elyvilon.
  2546 | D:3      | Found an opulent altar of Gozag.
  2546 | D:3      | Found a burning altar of Makhleb.
  2546 | D:3      | Found a radiant altar of Vehumet.
  2786 | D:3      | Found a bloodstained altar of Trog.
  2854 | D:3      | Reached XP level 6. HP: 46/53 MP: 9/9
  2909 | D:3      | Noticed Fascinator's ghost (weakling SpAs)
  2925 | D:3      | Killed Fascinator's ghost
  3028 | D:4      | Got a heavily runed leather armour
  3040 | D:4      | Identified the +0 leather armour of Negation {rN+++ Str-5 Int+6} (You found it on level 4 of the Dungeon)
  3105 | D:4      | Noticed a phantom
  3211 | D:4      | Killed a phantom
  3211 | D:4      | Reached skill level 5 in Armour
  3211 | D:4      | Reached skill level 5 in Unarmed Combat
  3211 | D:4      | Reached skill level 5 in Evocations
  3494 | D:4      | Reached XP level 7. HP: 5/59 MP: 8/10
  3921 | D:4      | Found a hazy altar of Hepliaklqana.
  4381 | D:5      | Entered Level 5 of the Dungeon
  4446 | D:5      | Found a staircase to the Ecumenical Temple.
  4453 | Temple   | Entered the Ecumenical Temple
  4498 | Temple   | Became a worshipper of Cheibriados the Contemplative
  4543 | D:5      | Noticed Prince Ribbit
  4569 | D:5      | Killed Prince Ribbit
  4569 | D:5      | Reached skill level 7 in Fighting
  4864 | D:5      | Found a sparkling altar of Nemelex Xobeh.
  4908 | D:5      | Reached XP level 8. HP: 28/67 MP: 6/12
  5316 | D:5      | Found a glowing golden altar of the Shining One.
  5326 | D:5      | Reached * piety under Cheibriados
  5675 | D:6      | Noticed a two-headed ogre
  5697 | D:6      | HP: 3/67 [two-headed ogre/giant club (21)]
  5701 | D:6      | Demolished by a two-headed ogre

Skill      XL: |  1  2  3  4  5  6  7  8 |
---------------+-------------------------+-----
Invocations    | 1 2 3 |  3.6
Short Blades   | 1 2 3 |  3.2
Long Blades    | 1 2 3 |  3.2
Axes           | 1 2 3 |  3.2
Maces & Flails | 1 2 3 |  3.2
Polearms       | 1 2 3 |  3.2
Staves         | 1 2 3 |  3.2
Slings         | 1 2 3 |  3.2
Bows           | 1 2 3 |  3.2
Crossbows      | 1 2 3 |  3.2
Throwing       | 1 2 3 |  3.2
Stealth        | 1 2 3 |  3.2
Shields        | 1 2 3 |  3.2
Spellcasting   | 1 2 3 |  3.2
Conjurations   | 1 2 |  2.6
Hexes          | 1 2 |  2.6
Charms         | 1 2 |  2.6
Summonings     | 1 2 |  2.6
Necromancy     | 1 2 |  2.6
Translocations | 1 2 |  2.6
Transmutations | 1 2 |  2.6
Fire Magic     | 1 2 |  2.6
Ice Magic      | 1 2 |  2.6
Air Magic      | 1 2 |  2.6
Earth Magic    | 1 2 |  2.6
Poison Magic   | 1 2 |  2.6
Dodging        | 3 4 |  4.2
Armour         | 5 |  5.7
Unarmed Combat | 5 |  5.7
Evocations     | 5 |  5.7
Fighting       | 7 |  7.4

Action                   |  1- 3 |  4- 6 |  7- 9 || total
-------------------------+-------+-------+-------++-------
Melee: Unarmed           |   115 |   154 |   161 ||   430
       Bite              |     9 |    35 |    22 ||    66
       Punch             |     1 |     6 |     4 ||    11
       Short sword       |       |   118 |       ||   118
 Cast: Pain              |       |     2 |    12 ||    14
       Animate Skeleton  |       |       |     1 ||     1
Invok: Bend Time         |       |       |     1 ||     1
Evoke: Wand              |       |       |     5 ||     5
  Use: Potion            |       |     5 |     4 ||     9
 Stab: Sleeping          |     3 |     5 |     4 ||    12
  Eat: Chunk             |       |     9 |     7 ||    16
Armor: Robe              |    22 |    30 |    23 ||    75
       Leather armour    |       |     6 |     9 ||    15
Dodge: Dodged            |    69 |   155 |   120 ||   344
